 Dungeon Crawl Stone Soup version 0.22.1-2-g9c5b331 (webtiles) character file.

1200 BryzzWind the Slicer (level 8, -8/46 HPs)
             Began as a Kobold Berserker on Nov 12, 2018.
             Was an Initiate of Yredelemnul.
             Killed by the fiery rage of Trog (29 damage)
             ... on level 6 of the Dungeon.
             The game lasted 00:13:07 (7241 turns).

BryzzWind the Slicer (Kobold Berserker)             Turns: 7241, Time: 00:13:17

Health: -8/46      AC: 17    Str: 16    XL:     8   Next: 72%
Magic:  13/13      EV:  7    Int: 13    God:    Yredelemnul [......]
Gold:   257        SH:  3    Dex: 14    Spells: 14/14 levels left

rFire    . . .     SeeInvis .   a - +0 short sword
rCold    . . .     Gourm    .   u - -1 buckler
rNeg     . . .     Faith    +   w - +0 chain mail
rPois    .         Spirit   .   y - +2 helmet
rElec    .         Reflect  .   (no cloak)
rCorr    .         Harm     .   i - +2 pair of gloves
MR       .....                  (no boots)
Stlth    ..........             q - amulet of faith
HPRegen  0.15/turn              g - +4 ring of intelligence
MPRegen  0.13/turn              z - +3 ring of protection

@: very heavily drained
A: small, carnivore
a: Renounce Religion


You were on level 6 of the Dungeon.
You worshipped Yredelemnul.
Yredelemnul was noncommittal.
You were full.

You visited 1 branch of the dungeon, and saw 6 of its levels.

You collected 257 gold pieces.

Inventory:

Hand Weapons
 a - a +0 short sword (weapon)
 s - a +0 hand axe
 x - a cursed +0 spear
 C - a +2 whip of freezing
 E - a +0 long sword
Missiles
 h - 52 stones (quivered)
 A - 32 arrows
Armour
 i - a +2 pair of gloves (worn)
 u - a -1 buckler (worn)
 w - a +0 chain mail (worn)
 y - a +2 helmet (worn)
Jewellery
 g - a +4 ring of intelligence (left hand)
 q - an amulet of faith (around neck)
 z - a +3 ring of protection (right hand)
 D - an uncursed ring of wizardry
 H - an uncursed ring of flight
Wands
 j - a wand of polymorph (11)
 l - a wand of flame (15)
Scrolls
 d - a scroll of remove curse
 k - 2 scrolls of teleportation
 p - a scroll of fog {unknown}
 r - 2 scrolls of blinking {unknown}
 F - a scroll of immolation {unknown}
Potions
 b - a potion of brilliance {unknown}
 e - 2 potions of might
 o - 2 potions of cancellation
 v - 2 potions of curing
 B - a potion of magic
 G - a potion of heal wounds
Comestibles
 c - 12 rations


   Skills:
 - Level 3.3(0.0) Fighting
 - Level 8.1(3.2) Short Blades
 * Level 1.5(0.0) Long Blades
 + Level 3.6(0.0) Armour
 - Level 2.4(0.0) Dodging
 * Level 4.2(0.0) Shields
 + Level 3.7(0.0) Spellcasting


You had 14 spell levels left.
You didn't know any spells.
Your spell library was empty.

Dungeon Overview and Level Annotations

Branches:
Dungeon (6/15)             Temple (0/1) D:4

Altars:
Gozag
Uskayaw
Yredelemnul
The Shining One

Annotations:
D:6 Edmund


Innate Abilities, Weirdness & Mutations

You are small and have problems with some larger weapons.
You are carnivorous and can eat meat at any time.


Message History

You feel drained.
You hit Edmund.
Edmund is severely wounded.
You block Edmund's attack.
You closely miss Edmund.
Edmund is severely wounded.
Edmund hits you but does no damage.
You feel drained.
You hit Edmund.
Edmund is severely wounded.
You closely miss Edmund.
Edmund is severely wounded.
Edmund hits you but does no damage.
You feel drained.
You hit Edmund.
Edmund is almost dead.
Edmund hits you but does no damage.
You feel drained.
You feel Trog's fiery rage upon you!
You are blasted with searing flames!
The searing flames burn away your fire Ouch!
That really hurt!
You die...
Your body rises from the dead as a mindless zombie.

. #. #
...#.
...#+ .[.
#.######
#.@@...#
#.####)##
#. #<).#
#. #####
#. .. ..
..


You could see Edmund.

Vanquished Creatures
  Pikel (D:4)
  A phantom (D:5)
  3 scorpions (D:5)
  A crimson imp (D:5)
  A howler monkey (D:4)
  2 hounds
  A bullfrog zombie (D:5)
  An orc priest (D:6)
  An orc wizard (D:3)
  Ijyb (D:3)
  Jessica (D:3)
  An iguana (D:5)
  Natasha (twice) (D:3)
  A killer bee zombie (D:5)
  A howler monkey skeleton (D:5)
  2 adders
  A shadow imp (D:5)
  An ooze (D:5)
  An adder skeleton (D:4)
  3 worms
  A dart slug (D:1)
  2 leopard geckos
  14 orcs
  13 bats
  6 giant cockroaches
  6 goblins
  7 hobgoblins
  5 jackals
  A quokka (D:2)
  A ball python (D:2)
  A ball python skeleton (D:5)
  A frilled lizard (D:3)
  2 gnoll zombies (D:4)
  4 kobolds
  2 quokka skeletons
  5 rats
98 creatures vanquished.

Notes
Turn   | Place    | Note
-------+----------+-------------------------------------------
     0 | D:1      | BryzzWind the Kobold Berserker began the quest for the Orb.
     0 | D:1      | Reached XP level 1. HP: 14/14 MP: 1/1
   238 | D:1      | Reached XP level 2. HP: 10/19 MP: 2/2
   823 | D:2      | Reached XP level 3. HP: 14/23 MP: 4/4
   882 | D:2      | Reached skill level 1 in Spellcasting
   994 | D:2      | Reached skill level 5 in Short Blades
  1076 | D:2      | Found a glowing golden altar of the Shining One.
  1123 | D:2      | Reached ** piety under Trog
  1232 | D:2      | Found a hide-covered altar of Uskayaw.
  1476 | D:3      | Noticed Ijyb
  1485 | D:3      | Killed Ijyb
  1485 | D:3      | Reached XP level 4. HP: 28/28 MP: 4/6
  1516 | D:3      | Reached skill level 1 in Shields
  1634 | D:3      | Reached XP level 5. HP: 32/32 MP: 7/7
  1664 | D:3      | Noticed Natasha
  1681 | D:3      | Killed Natasha
  1875 | D:3      | Noticed Jessica
  1876 | D:3      | Found an opulent altar of Gozag.
  1884 | D:3      | Killed Jessica
  1884 | D:3      | Reached skill level 6 in Short Blades
  1884 | D:3      | Reached XP level 6. HP: 37/37 MP: 9/9
  1916 | D:3      | Noticed Natasha
  1934 | D:3      | Killed Natasha
  2303 | D:4      | Noticed Pikel
  2303 | D:4      | Noticed a slave
  2303 | D:4      | Noticed a slave
  2309 | D:4      | Noticed a slave
  2311 | D:4      | Noticed a slave
  2316 | D:4      | Killed Pikel
  2316 | D:4      | Reached skill level 7 in Short Blades
  2316 | D:4      | Reached XP level 7. HP: 41/41 MP: 9/11
  2437 | D:4      | Found a staircase to the Ecumenical Temple.
  2507 | D:4      | Reached XP level 8. HP: 45/46 MP: 12/12
  2556 | D:4      | Found a basalt altar of Yredelemnul.
  2565 | D:4      | Fell from the grace of Trog
  2567 | D:4      | Became a worshipper of Yredelemnul the Dark
  5545 | D:5      | Entered Level 5 of the Dungeon
  6006 | D:5      | Reached skill level 8 in Short Blades
  6449 | D:5      | Reached skill level 1 in Long Blades
  6470 | D:5      | HP: 2/46 [poisoned by a scorpion]
  7192 | D:6      | Noticed Edmund
  7241 | D:6      | Killed by the fiery rage of Trog

Skill      XL: |  1  2  3  4  5  6  7  8 |
---------------+-------------------------+-----
Spellcasting   | 1 2 3 |  3.7
Armour         | 2 3 |  3.6
Short Blades   | 5 6 7 8 |  8.1
Shields        | 1 3 4 |  4.2
Long Blades    | 1 |  1.5
Fighting       | |  3.3
Dodging        | |  2.4

Action                   |  1- 3 |  4- 6 |  7- 9 || total
-------------------------+-------+-------+-------++-------
Melee: Short sword       |   117 |   163 |   400 ||   680
Invok: Berserk           |     2 |     3 |       ||     5
       Trog's Hand       |       |     3 |       ||     3
       Renounce Religion |       |       |     1 ||     1
  Use: Scroll            |     4 |     1 |    12 ||    17
  Eat: Chunk             |    11 |     5 |    16 ||    32
Armor: Animal skin       |    10 |       |       ||    10
       Leather armour    |    28 |       |       ||    28
       Chain mail        |    15 |    78 |   123 ||   216
Dodge: Dodged            |    96 |    83 |    99 ||   278
Block: Buckler           |     3 |    32 |    59 ||    94
